 Dungeon Crawl Stone Soup version 0.31-a0-231-g51bb95cda3 (webtiles) character file.

Game seed: 1594804254159512938

1034 qw the Skirmisher (level 8, -5/68 HPs)
             Began as a Minotaur Hexslinger on July 6, 2023.
             Slain by Edmund
             ... wielding a +3 flail of protection
              (7 damage)
             ... on level 6 of the Dungeon.
             The game lasted 00:02:10 (5689 turns).

qw the Skirmisher (Minotaur Hexslinger)             Turns: 5689, Time: 00:02:11

Health: -5/68      AC:  7    Str: 13    XL:     8   Next: 3%
Magic:  8/8        EV: 13    Int: 10    God:
Gold:   299        SH:  0    Dex: 15    Spells: 8/9 levels left

rFire   . . .        Y - +0 shortbow (flame)
rCold   . . .        (shield currently unavailable)
rNeg    . . .        d - +2 robe {Will+}
rPois   +            k - +2 hat
rElec   .            (no cloak)
rCorr   .            (no gloves)
SInv    .            i - +0 pair of boots
Will    +....        (no amulet)
Stlth   +            c - ring of poison resistance
HPRegen 0.31/turn    (no ring)
MPRegen 0.11/turn

%: no passive effects
@: no status effects
A: horns 2, retaliatory headbutt
a: no special abilities


You were on level 6 of the Dungeon.
You visited 2 branches of the dungeon, and saw 7 of its levels.

You collected 299 gold pieces.


Innate Abilities, Weirdness & Mutations

You have a pair of horns on your head.
You reflexively headbutt those who attack you in melee.


   Skills:
 - Level 5.0 Fighting
 + Level 8.7 Ranged Weapons
 - Level 1.0 Armour
 - Level 4.0 Dodging
 - Level 1.0 Spellcasting
 - Level 2.0 Hexes


You had 8 spell levels left.
You knew the following spells:

 Your Spells              Type           Power      Damage    Failure   Level
a - Slow                  Hex            16%        N/A       16%         1

Your spell library contained the following spells:

 Spells                   Type           Power      Damage    Failure   Level
 Inner Flame              Hex/Fire       2%         N/A       56%         3
 Portal Projectile        Hex/Tloc       4%         N/A       56%         3
 Cause Fear               Hex            2%         N/A       83%         4

Inventory:

Hand Weapons
 Y - a +0 shortbow of flaming (weapon)
Armour
 b - a +0 cloak
 d - a +2 robe of willpower (worn)
 i - a +0 pair of boots (worn)
 k - a +2 hat (worn)
Jewellery
 c - a ring of poison resistance (left hand)
 h - a ring of fire
Scrolls
 a - 5 scrolls of identify
Potions
 g - a potion of might
 m - 2 potions of curing

Dungeon Overview and Level Annotations

Branches:
Dungeon (6/15)             Temple (1/1) D:6

Altars:
Ashenzari
Cheibriados
Dithmenos
Fedhas
Hepliaklqana
Kikubaaqudgha
Makhleb
Qazlal
Ru
Sif Muna
Trog
Uskayaw
Vehumet
Wu Jian
Xom
Yredelemnul
Zin
The Shining One

Annotations:
D:6 Edmund, Eustachio


Message History

Edmund is heavily wounded.
Edmund closely misses you. You furiously retaliate!
You headbutt Edmund. You shoot an arrow. The arrow barely misses Edmund.
Edmund hits you with a +3 flail of protection.
You shoot an arrow. The arrow hits Edmund.
The arrow burns Edmund.
Edmund is severely wounded.
Edmund hits you with a +3 flail of protection!
You shoot an arrow. The arrow barely misses Edmund.
Edmund hits you with a +3 flail of protection.
You shoot an arrow. The arrow hits Edmund.
The arrow burns Edmund.
Edmund is severely wounded.
Edmund closely misses you.
Eustachio zaps a wand.
The puff of flame misses you.
You shoot an arrow.
The arrow hits Edmund but does no damage.
Edmund is severely wounded.
Edmund closely misses you.
You shoot an arrow.
The arrow hits Edmund but does no damage.
Edmund is severely wounded.
Edmund hits you with a +3 flail of protection!
Eustachio zaps a wand.
The puff of flame misses you.
You shoot an arrow. The arrow barely misses Edmund.
Eustachio zaps a wand.
The puff of flame hits you!
Edmund hits you with a +3 flail of protection.
You shoot an arrow.
The arrow hits Edmund but does no damage.
Edmund is severely wounded.
Edmund closely misses you.
You shoot an arrow. The arrow hits Edmund.
The arrow burns Edmund.
Edmund is almost dead.
Eustachio casts a spell.
Edmund gestures with his flail.
Edmund hits you with a +3 flail of protection.
You shoot an arrow. The arrow hits Edmund.
The arrow burns Edmund.
Edmund is almost dead.
Edmund barely misses you.
You shoot an arrow. The arrow closely misses Edmund.
Eustachio barely misses you. You furiously retaliate!
You headbutt Eustachio!
Edmund hits you with a +3 flail of protection!
You die...

#..).#.#.#.##.##.##..#..#
##..##.#.#.#.'.##.##..#..#
##...#...#....#.##........#
.....#....#...#.#####..#.##
.#.).#8..#...8#..###...#.#
..)...####'###...........#
.#.#............####..#####
..)#######...##..@.5........
##.# #....@###..###... #.#
###..@# #..# # ##.#######
#...... #..# ..(......#
#..........#
##.....................
...###.#.#.###....#.#...
.............#.........7
######.#.# #.##.#.# .. # .
#.##.#


You could see Edmund, Eustachio and a shadow imp (summoned).

Vanquished Creatures
  Menkaure (D:6)
  An orc warrior (D:5)
  A black bear (D:6)
  Blork the orc (D:4)
  2 scorpions (D:4)
  An orc priest (D:5)
  A hound (D:5)
  A jelly (D:4)
  Jessica (D:2)
  An iguana (D:6)
  5 orc wizards
  7 gnolls
  9 adders
  A shadow imp (D:6)
  A white imp (D:3)
  2 worms (D:2)
  A dart slug (D:1)
  15 orcs
  5 ball pythons
  4 bats
  7 endoplasms
  9 goblins
  10 hobgoblins
  10 jackals (D:1)
  2 quokkas
  2 frilled lizards
  7 kobolds
  4 rats
112 creatures vanquished.

Notes
Turn   | Place    | Note
-------+----------+-------------------------------------------
     0 | D:1      | qw the Minotaur Hexslinger began the quest for the Orb.
     0 | D:1      | Reached XP level 1. HP: 16/16 MP: 1/1
     0 | D:1      | 0 ||| qw: Version: 0.3-a-46-gb1f654a
     0 | D:1      | 0 ||| qw: Game counter: 1819
     0 | D:1      | 0 ||| qw: Melee chars always use a shield: true
     0 | D:1      | 0 ||| qw: God list: Okawaru
     0 | D:1      | 0 ||| qw: Allow faded altars: false
     0 | D:1      | 0 ||| qw: Do Orc after clearing Dungeon:15 true
     0 | D:1      | 0 ||| qw: Do second Lair branch before Depths: true
     0 | D:1      | 0 ||| qw: Lair rune preference: random
     0 | D:1      | 0 ||| qw: Goals: Normal
     0 | D:1      | 0 ||| PLANNING D:1-11
   284 | D:1      | Reached skill level 3 in Ranged Weapons
   290 | D:1      | Reached XP level 2. HP: 23/23 MP: 2/2
   481 | D:1      | HP: 4/24 [jackal (3)]
   484 | D:1      | Reached XP level 3. HP: 4/29 MP: 3/3
  1049 | D:1      | 1049 ||| UPGRADING to +0 pair of boots.
  1054 | D:1      | 1054 ||| UPGRADING to +0 ring mail.
  1064 | D:1      | 1064 ||| DROPPING +0 robe.
  1065 | D:1      | 1065 ||| READING 2 scrolls labelled QOQ OMOTULO.
  1066 | D:1      | 1066 ||| READING scroll labelled VUHACEQ UREO.
  1067 | D:1      | 1067 ||| READING 2 scrolls labelled RILA WAMNUTHREG.
  1071 | D:1      | 1071 ||| READING 2 scrolls labelled XASKUN JIECU.
  1072 | D:1      | 1072 ||| DROPPING scroll of poison.
  1073 | D:1      | 1073 ||| DROPPING scroll of fog.
  1182 | D:2      | Reached skill level 4 in Ranged Weapons
  1264 | D:2      | Reached skill level 1 in Armour
  1323 | D:2      | Noticed Jessica
  1327 | D:2      | Killed Jessica
  1328 | D:2      | Reached XP level 4. HP: 25/36 MP: 4/4
  1328 | D:2      | 1328 ||| FLEEEEING.
  1329 | D:2      | 1329 ||| FLEEEEING.
  1330 | D:2      | 1330 ||| FLEEEEING.
  1331 | D:2      | 1331 ||| FLEEEEING.
  1332 | D:2      | 1332 ||| FLEEEEING.
  1333 | D:2      | 1333 ||| FLEEEEING.
  1334 | D:2      | 1334 ||| FLEEEEING.
  1335 | D:2      | 1335 ||| FLEEEEING.
  1336 | D:2      | 1336 ||| FLEEEEING.
  1337 | D:2      | 1337 ||| FLEEEEING.
  1338 | D:2      | 1338 ||| FLEEEEING.
  1339 | D:2      | 1339 ||| FLEEEEING.
  1340 | D:2      | 1340 ||| FLEEEEING.
  1341 | D:2      | 1341 ||| FLEEEEING.
  1342 | D:2      | 1342 ||| FLEEEEING.
  1343 | D:2      | 1343 ||| FLEEEEING.
  1344 | D:2      | 1344 ||| FLEEEEING.
  1345 | D:2      | 1345 ||| FLEEEEING.
  1346 | D:2      | 1346 ||| FLEEEEING.
  1347 | D:2      | 1347 ||| FLEEEEING.
  1348 | D:2      | 1348 ||| FLEEEEING.
  1349 | D:2      | 1349 ||| FLEEEEING.
  1350 | D:2      | 1350 ||| FLEEEEING.
  1351 | D:2      | 1351 ||| FLEEEEING.
  1352 | D:2      | 1352 ||| FLEEEEING.
  1353 | D:2      | 1353 ||| FLEEEEING.
  1354 | D:2      | 1354 ||| FLEEEEING.
  1355 | D:2      | 1355 ||| FLEEEEING.
  1356 | D:2      | 1356 ||| FLEEEEING.
  1357 | D:2      | 1357 ||| FLEEEEING.
  1358 | D:2      | 1358 ||| FLEEEEING.
  1711 | D:2      | 1711 ||| UPGRADING to ring of poison resistance.
  1712 | D:2      | 1712 ||| DRINKING 2 inky potions.
  1713 | D:2      | 1713 ||| DRINKING 2 cyan potions.
  1714 | D:2      | 1714 ||| READING 4 scrolls of identify.
  1714 | D:2      | 1714 ||| IDENTIFYING bubbling purple potion
  1715 | D:2      | 1715 ||| READING 3 scrolls of identify.
  1715 | D:2      | 1715 ||| IDENTIFYING puce potion
  1716 | D:2      | 1716 ||| READING 2 scrolls of identify.
  1716 | D:2      | 1716 ||| IDENTIFYING orange potion
  1717 | D:2      | 1717 ||| DROPPING potion of invisibility.
  1718 | D:2      | 1718 ||| DROPPING potion of magic.
  1719 | D:2      | 1719 ||| DROPPING potion of brilliance.
  1720 | D:2      | 1720 ||| DROPPING potion of degeneration.
  1848 | D:3      | Reached skill level 5 in Ranged Weapons
  1919 | D:3      | Found a shimmering blue altar of Sif Muna.
  1930 | D:3      | Found a bloodstained altar of Trog.
  1996 | D:3      | Found a faded altar of an unknown god.
  2293 | D:3      | 2293 ||| READING scroll labelled WENKIAK SEPSO.
  2294 | D:3      | 2294 ||| READING scroll labelled DYRAIR NAOPS.
  2295 | D:3      | 2295 ||| READING scroll labelled NEWA YZAMU.
  2296 | D:3      | 2296 ||| READING 4 scrolls of identify.
  2296 | D:3      | 2296 ||| IDENTIFYING fuming coppery potion
  2297 | D:3      | 2297 ||| READING 3 scrolls of identify.
  2297 | D:3      | 2297 ||| IDENTIFYING bubbling pink potion
  2298 | D:3      | 2298 ||| DROPPING potion of ambrosia.
  2313 | D:4      | Reached skill level 3 in Fighting
  2313 | D:4      | Reached XP level 5. HP: 44/45 MP: 5/5
  2315 | D:4      | 2315 ||| STAIRDANCE
  2383 | D:4      | 2383 ||| STAIRDANCE
  2521 | D:4      | Reached skill level 6 in Ranged Weapons
  2632 | D:4      | Reached XP level 6. HP: 48/51 MP: 6/6
  2824 | D:4      | 2824 ||| Stepping ~*~*~tactically~*~*~ (outnumbered).
  2834 | D:4      | HP: 12/52 [gnoll/+0 spear (5)]
  2835 | D:4      | 2835 ||| READING 3 scrolls of teleportation.
  3437 | D:4      | Noticed Blork the orc
  3454 | D:4      | HP: 7/53 [Blork the orc/+0 hand axe (7)]
  3455 | D:4      | 3455 ||| READING 2 scrolls of teleportation.
  3456 | D:4      | Killed Blork the orc
  3482 | D:4      | 3482 ||| FLEEEEING.
  3486 | D:4      | 3486 ||| STAIRDANCE
  3620 | D:3      | 3620 ||| READING scroll labelled OHAZOST QEOTECO.
  3621 | D:3      | 3621 ||| READING scroll labelled AVAKLO ZEURI.
  3621 | D:3      | Identified a scroll of acquirement
  3621 | D:3      | 3621 ||| ACQUIRING +0 shortbow of flaming
  3621 | D:3      | Acquired a +0 shortbow of flaming
  3623 | D:3      | 3623 ||| SWAPPING to +0 shortbow of flaming.
  3624 | D:3      | 3624 ||| DROPPING +1 sling.
  3693 | D:4      | 3693 ||| UPGRADING to +2 robe of willpower.
  3703 | D:4      | 3703 ||| DROPPING +0 ring mail.
  3721 | D:5      | Entered Level 5 of the Dungeon
  3846 | D:5      | Reached skill level 7 in Ranged Weapons
  3999 | D:5      | Reached XP level 7. HP: 57/60 MP: 7/7
  4023 | D:5      | Found a basalt altar of Yredelemnul.
  4790 | D:5      | 4790 ||| UPGRADING to +2 hat.
  4795 | D:5      | 4795 ||| READING scroll labelled PIYSCH VENI.
  4796 | D:5      | 4796 ||| READING 6 scrolls of identify.
  4796 | D:5      | 4796 ||| IDENTIFYING red potion
  4832 | D:6      | Found a staircase to the Ecumenical Temple.
  4833 | D:6      | 4833 ||| PLANNING TEMPLE
  4833 | D:6      | 4833 ||| STAIRDANCE
  4868 | D:6      | 4868 ||| STAIRDANCE
  4872 | D:6      | 4872 ||| STAIRDANCE
  4887 | D:5      | HP: 12/60 [orc warrior/+0 hand axe (8)]
  4888 | D:5      | 4888 ||| READING scroll of teleportation.
  4888 | D:5      | HP: 4/60 [orc warrior/+0 hand axe (8)]
  4889 | D:5      | 4889 ||| DRINKING potion of heal wounds.
  5074 | D:5      | Reached skill level 8 in Ranged Weapons
  5092 | D:6      | 5092 ||| STAIRDANCE
  5097 | D:6      | 5097 ||| STAIRDANCE
  5101 | D:6      | 5101 ||| STAIRDANCE
  5105 | D:6      | 5105 ||| STAIRDANCE
  5125 | Temple   | Entered the Ecumenical Temple
  5180 | Temple   | 5180 ||| PLANNING D:1-11
  5290 | D:6      | Noticed Menkaure
  5292 | D:6      | 5292 ||| FLEEEEING.
  5297 | D:6      | 5297 ||| FLEEEEING.
  5298 | D:6      | 5298 ||| FLEEEEING.
  5302 | D:6      | 5302 ||| FLEEEEING.
  5307 | D:6      | HP: 7/61 [Menkaure (13)]
  5309 | D:6      | Killed Menkaure
  5554 | D:6      | Found a snail-covered altar of Cheibriados.
  5615 | D:6      | Reached XP level 8. HP: 68/68 MP: 8/8
  5663 | D:6      | Noticed Edmund
  5675 | D:6      | Noticed Eustachio
  5685 | D:6      | HP: 7/68 [Eustachio/puff of flame (12)]
  5687 | D:6      | HP: 2/68 [Edmund/+3 flail of protection (3)]
  5689 | D:6      | Slain by Edmund

Levels and vault maps discovered:
D:1:      wander_arrival_estate, layout_basic, serial_forest,
          infiniplex_forest_split, infiniplex_forest_end_2,
          infiniplex_forest_side_room, infiniplex_forest_pool,
          infiniplex_forest_clump_double, infiniplex_forest_straight_2,
          infiniplex_forest_straight_4, infiniplex_forest_lined_2,
          infiniplex_forest_straight_3
D:2:      layout_basic, uniq_jessica
D:3:      layout_basic, nzn_overflow_gifts_of_might_and_magic,
          dreamdust_ecumenical_altar_grove
D:4:      layout_loops_ring, kennysheep_generic_room_10, uniq_blork_the_orc
D:5:      layout_loops_corners, kennysheep_mini_moat, grunt_decor_resistance
D:6:      layout_loops_ring, lemuel_coloured_pillars_altar, okawaru_trees_2,
          grunt_temple_overflow_opulence, minmay_temple_entry_proselytizer,
          chequers_serial_rivers_micro_a, minivault_1, serial_park_tiny_2,
          uniq_menkaure, uniq_edmund, uniq_eustachio
Temple:   zaba_magenta_temple

Skill      XL: |  1  2  3  4  5  6  7 |
---------------+----------------------+-----
Ranged Weapons | 3 4 5 6 7 8 |  8.7
Fighting       | 2 3 4 5 |  5.0
Armour         | 1 |  1.0
Dodging        | 4 |  4.0
Spellcasting   | |  1.0
Hexes          | |  2.0

Action                     |  1- 3 |  4- 6 |  7- 9 || total
---------------------------+-------+-------+-------++-------
   Fire: Sling             |   131 |   188 |       ||   319
         Shortbow          |       |    29 |   133 ||   162
    Use: Scroll            |     4 |    12 |     3 ||    19
         Potion            |       |     2 |     1 ||     3
 Armour: Robe              |    19 |     3 |    14 ||    36
         Ring mail         |    15 |    36 |       ||    51
  Dodge: Dodged            |    53 |    75 |    48 ||   176

Table legend:
 A = Non-vault XP
 B = Vault XP
 C = Vault XP percentage of total XP
 D = Non-vault monster count
 E = Vault monster count
 F = Vault count percentage of total count
                 A         B        C        D         E       F
            +---------+---------+-------+---------+---------+-------
      Total |    1066 |     412 |  27.9 |     104 |       8 |   7.1
            +---------+---------+-------+---------+---------+-------
        D:1 |      51 |       0 |   0.0 |      27 |       0 |   0.0
        D:2 |      49 |      37 |  43.0 |      19 |       1 |   5.0
        D:3 |      55 |      24 |  30.4 |      11 |       2 |  15.4
        D:4 |     307 |     136 |  30.7 |      18 |       3 |  14.3
        D:5 |     346 |      43 |  11.1 |      19 |       1 |   5.0
        D:6 |     258 |     172 |  40.0 |      10 |       1 |   9.1
            +---------+---------+-------+---------+---------+-------
